[Event "Team 45 45 League T41"]
[Site "Internet Chess Club"]
[Date "2009.05.07"]
[Round "2"]
[White "Harmonicus"]
[Black "pishd"]
[Result "1/2-1/2"]
[WhiteElo "1837"]
[BlackElo "1769"]
[Opening "Caro-Kann: anti-anti-Caro-Kann defense"]
[ECO "B10"]
[Time "15:11:05"]
[TimeControl "2700+45"]

1. e4 c6 2. c4 d5 3. cxd5 cxd5 4. exd5 Nf6 5. Nc3 Nxd5 6. Nf3 Nxc3 7. bxc3 g6 8.
Bb5+ Bd7 9. a4 a6 10. Bxd7+ Qxd7 11. d4 Bg7 12. O-O O-O 13. Qb3 Nc6 14. a5 Qc7
15. Qa4 b5 16. axb6 Qxb6 17. Be3 Qc7 18. Rab1 e6 19. Rfc1 Rfc8 20. Nd2 Qa5 21.
Qd1 Ne7 22. c4 Nf5 23. Nb3 Nxe3 24. fxe3 Qg5 25. Qf3 Bh6 26. Re1 Rab8 27. Qe2
Bf8 28. c5 Rb5 29. Nd2 Rxb1 30. Rxb1 Bh6 31. Rb3 Rc6 32. Qf3 Qd5 33. Rb8+ Kg7
34. Qxd5 exd5 35. Kf2 Re6 36. Nf1 Kf6 37. Ra8 Bg5 38. g3 h5 39. Rb8 Ke7 40. h4
Bh6 41. Rb3 Kd8 42. Ke2 Kc7 43. Kd3 Rf6 44. Ke2 Re6 45. Nd2 Bg7 46. Kf3 Rf6+ 47.
Ke2 Re6 48. Nf3 f6 49. Nd2 {Game drawn by mutual agreement} 1/2-1/2

[Event "Team 45 45 League T41"]
[Site "Internet Chess Club"]
[Date "2009.05.09"]
[Round "2"]
[White "Bill-W"]
[Black "Razorbackchess"]
[Result "1/2-1/2"]
[WhiteElo "1837"]
[BlackElo "1804"]
[Opening "Sicilian: Grand Prix attack"]
[ECO "B23"]
[Time "09:01:55"]
[TimeControl "2700+45"]

1. e4 c5 2. Nc3 Nc6 3. f4 g6 4. Nf3 Bg7 5. Bb5 Nd4 6. O-O Nxb5 7. Nxb5 d5 8.
exd5 a6 9. Nc3 Nf6 10. d4 c4 11. Qe2 b5 12. Re1 Bg4 13. h3 Bxf3 14. Qxf3 Ra7 15.
f5 O-O 16. Bg5 Rd7 17. fxg6 fxg6 18. Bxf6 Bxf6 19. Qe3 b4 20. Ne4 Rxd5 21. Nxf6+
exf6 22. c3 a5 23. Re2 bxc3 24. bxc3 Qd7 25. Rb1 Rb5 26. Reb2 Rxb2 27. Rxb2 Re8
28. Qf3 Re1+ 29. Kf2 Re7 30. Qa8+ Kg7 31. Qxa5 Qe6 32. Kg1 Qe1+ 33. Kh2 Qc1 34.
Qd8 Qf4+ 35. g3 Qe3 36. a4 f5 37. Qd6 g5 38. a5 Qe1 39. a6 Re2+ 40. Rxe2 Qxe2+
41. Kg1 Qe1+ 42. Kg2 Qe2+ 43. Kg1 {Game drawn by mutual agreement} 1/2-1/2

[Event "Team 45 45 League T41"]
[Site "Internet Chess Club"]
[Date "2009.05.10"]
[Round "2"]
[White "Frankly"]
[Black "scottrugby"]
[Result "1-0"]
[WhiteElo "1707"]
[BlackElo "1522"]
[Opening "Nimzo-Indian: Fischer variation, 5.Ne2"]
[ECO "E44"]
[Time "15:02:18"]
[TimeControl "2700+45"]

1. d4 Nf6 2. c4 e6 3. Nc3 Bb4 4. e3 b6 5. Ne2 Bb7 6. a3 Bxc3+ 7. Nxc3 Nc6 8. Bd3
Na5 9. b4 Nc6 10. O-O d6 11. Bb2 O-O 12. Rc1 Qe8 13. Re1 e5 14. d5 Nb8 15. Qc2
Nbd7 16. Kh1 a5 17. Ne4 Nxe4 18. Bxe4 Nf6 19. b5 Nxe4 20. Qxe4 f5 21. Qh4 Qf7
22. f4 Rae8 23. Rf1 exf4 24. exf4 Re2 25. Ba1 Ra2 26. Rf3 Re8 27. Rg3 g6 28. Rg5
Re4 29. Qg3 Ree2 30. Qc3 Kf8 31. Qh8+ Qg8 32. Qc3 Qf7 33. h4 Re4 34. h5 Rxf4 35.
Qh8+ Ke7 36. hxg6 hxg6 37. Be5 Rg4 38. Rxg4 fxg4 39. Qh4+ Ke8 40. Bf6 Re2 41.
Qxg4 Re3 42. Qh4 Bc8 43. Rf1 Bf5 44. Qh8+ Qf8 45. Qh4 Re4 46. Qg5 Rxc4 47. Qe3+
Re4 48. Qc3 Qf7 49. Qc6+ Qd7 50. Qa8+ Qc8 51. Qc6+ Qd7 52. Qc1 Qxb5 53. Re1 Qxd5
54. Rd1 Qf7 55. Qc6+ Qd7 56. Qc1 Bg4 57. Qh6 Qf7 58. Rf1 Bf5 59. Bh4 Kd7 60. Bg5
Re2 61. Qh8 Qe8 62. Qg7+ Kc8 63. Kh2 Qe5+ 64. Qxe5 Rxe5 65. Bc1 c5 66. Kg3 Kc7
67. Kf4 Kc6 68. g3 Bh3 69. Rh1 g5+ 70. Kf3 g4+ 71. Kf4 b5 72. Rd1 Rd5 73. Re1
Rd4+ 74. Kf5 c4 75. Bf4 b4 76. axb4 axb4 77. Re8 c3 78. Rc8+ Kb5 79. Ke6 d5 80.
Ke5 Rd1 81. Rb8+ Ka4 82. Bg5 c2 83. Rc8 b3 84. Ra8+ Kb4 85. Rb8+ Kc3 86. Kd6 Kb2
87. Bf6+ Ka2 88. Ra8+ Kb1 89. Ra1# {Black checkmated} 1-0

[Event "Team 45 45 League T41"]
[Site "Internet Chess Club"]
[Date "2009.05.10"]
[Round "2"]
[White "cityprosecutor"]
[Black "spunni"]
[Result "0-1"]
[WhiteElo "1844"]
[BlackElo "1881"]
[Opening "Four knights: Belgrade gambit"]
[ECO "C47"]
[Time "16:00:37"]
[TimeControl "2700+45"]

1. e4 e5 2. Nf3 Nc6 3. Nc3 Nf6 4. d4 exd4 5. Nd5 Be7 6. Bc4 O-O 7. O-O d6 8.
Nxd4 Nxd5 9. Bxd5 Nxd4 10. Qxd4 Bf6 11. Qd3 Re8 12. c3 Qe7 13. Bf4 Be5 14. Bd2
Be6 15. Bxb7 Rab8 16. Bc6 Red8 17. b3 Rb6 18. Bd5 Bd7 19. Bc1 c6 20. Bc4 d5 21.
exd5 cxd5 22. Bxd5 Bb5 23. c4 Bxa1 24. Be3 Ra6 25. Rxa1 Bc6 26. b4 Bxd5 27. cxd5
Qf6 28. Rc1 Rxa2 29. d6 Ra1 30. Qd2 Rxc1+ 31. Qxc1 Qxd6 32. h3 Qd1+ 33. Qxd1
Rxd1+ 34. Kh2 a6 35. Bc5 f6 36. Kg3 Kf7 37. Kf3 Ke6 38. Ke2 Rd5 39. Bf8 Kf7 40.
Bc5 Rxc5 41. bxc5 Ke6 42. Kd3 Kd5 43. Kc3 Kxc5 44. Kb3 f5 45. f4 Kd4 46. g4 fxg4
47. hxg4 Ke4 48. f5 Kf4 {White resigns} 0-1

[Event "Team 45 45 League T41"]
[Site "Internet Chess Club"]
[Date "2009.05.09"]
[Round "2"]
[White "AronT"]
[Black "kabindra"]
[Result "1-0"]
[WhiteElo "1932"]
[BlackElo "1827"]
[Opening "QGD: Marshall defense"]
[ECO "D06"]
[Time "09:00:10"]
[TimeControl "2700+45"]

1. d4 d5 2. c4 Nf6 3. cxd5 Nxd5 4. e4 Nb6 5. Nf3 Bg4 6. Be2 Bxf3 7. Bxf3 Nc6 8.
Be3 Nc4 9. Qb3 Nxe3 10. fxe3 Rb8 11. O-O e6 12. Nc3 Na5 13. Qc2 Bd6 14. e5 Be7
15. Ne4 O-O 16. Nc5 Bxc5 17. Qxc5 b6 18. Qc3 Nb7 19. b4 Qe7 20. Rfc1 Rfc8 21. b5
f6 22. exf6 Qxf6 23. Qb2 Nd6 24. Rc6 Nf5 25. Qc3 Qh6 26. Re1 Qg5 27. Rxe6 Nh4
28. Bc6 Rf8 29. Qc4 Kh8 30. Re5 Qf6 31. Rf1 Qxf1+ 32. Qxf1 Rxf1+ 33. Kxf1 Ng6
34. Re6 Kg8 35. Be4 Rf8+ 36. Ke2 Kf7 37. Rc6 Rc8 38. Bxg6+ hxg6 39. Kd3 g5 40.
e4 Ke7 41. Rg6 Kf7 42. Rxg5 c6 43. a4 cxb5 44. axb5 Rc1 45. h4 g6 46. Ke3 Rf1
47. Kd3 Rc1 48. g3 Kf6 49. Rd5 Rg1 50. Rg5 Rc1 51. Ke3 Rf1 52. Rd5 Re1+ 53. Kf4
Rf1+ 54. Kg4 Rb1 55. h5 gxh5+ 56. Rxh5 Rd1 57. Rd5 Ke6 58. Kh5 Rh1+ 59. Kg5 Re1
60. g4 Rxe4 61. Re5+ Rxe5+ 62. dxe5 Kxe5 63. Kh6 Kd5 64. g5 Kc5 65. g6 Kxb5 66.
g7 Ka4 67. g8=Q a5 68. Qc4+ Ka3 69. Qb5 a4 70. Qxb6 Ka2 71. Qf2+ Kb3 72. Qe3+
Kb2 73. Qb6+ Kc3 74. Qc5+ Kb3 75. Qb5+ Ka3 76. Kg5 Ka2 77. Qxa4+ {Black resigns}
1-0

[Event "Team 45 45 League T41"]
[Site "Internet Chess Club"]
[Date "2009.05.10"]
[Round "2"]
[White "Warpdrive"]
[Black "chess9793"]
[Result "0-1"]
[WhiteElo "1717"]
[BlackElo "1893"]
[Opening "Sicilian: accelerated fianchetto, modern variation"]
[ECO "B34"]
[Time "20:00:21"]
[TimeControl "2700+45"]

1. e4 c5 2. Nf3 Nc6 3. d4 cxd4 4. Nxd4 g6 5. Nc3 Bg7 6. Be3 Nf6 7. Be2 O-O 8.
Qd2 d5 9. Nxc6 bxc6 10. exd5 Nxd5 11. Nxd5 cxd5 12. c3 a5 13. O-O Ba6 14. Bxa6
Rxa6 15. Bh6 e6 16. Bxg7 Kxg7 17. Qd4+ Kg8 18. f4 Qb6 19. Qxb6 Rxb6 20. Rab1
Rfb8 21. Rf2 Rc6 22. Rff1 a4 23. a3 Rcb6 24. Rf2 Rb3 25. Rc2 Rxa3 26. c4 dxc4
27. Rxc4 Ra2 28. Rcc1 Rbxb2 29. Rxb2 Rxb2 30. Rc8+ Kg7 31. Ra8 Ra2 32. Ra5 a3
33. h4 Ra1+ 34. Kf2 Kf6 35. Kg3 h5 36. Ra4 Kf5 37. Kf3 e5 38. Ra5 f6 39. g3 a2
40. Kf2 Rh1 {White resigns} 0-1

[Event "Team 45 45 League T41"]
[Site "Internet Chess Club"]
[Date "2009.05.10"]
[Round "2"]
[White "JamesWu"]
[Black "imgr8"]
[Result "1-0"]
[WhiteElo "1917"]
[BlackElo "1972"]
[Opening "Sicilian: Labourdonnais-Löwenthal (Kalashnikov) variation"]
[ECO "B32"]
[Time "09:01:37"]
[TimeControl "2700+45"]

1. e4 c5 2. Nf3 Nc6 3. d4 cxd4 4. Nxd4 e5 5. Nb5 d6 6. c4 Be7 7. N1c3 a6 8. Na3
f5 9. Be2 f4 10. Nc2 Nf6 11. O-O O-O 12. b4 Be6 13. a4 Rc8 14. f3 Nxb4 15. Nxb4
Qb6+ 16. Kh1 Qxb4 17. Nd5 Bxd5 18. exd5 Nd7 19. Ba3 Qa5 20. Qb3 Rc7 21. Bb4 Qb6
22. a5 Qa7 23. Qa3 Rf6 24. Be1 Qb8 25. Bh4 Rf7 26. Bxe7 Rxe7 27. Qxd6 Nc5 28.
Rab1 Qf8 29. Qb6 Red7 30. Qb2 Qf5 31. Qd2 Rd6 32. Rb6 Qg6 33. Rfb1 Rcd7 34. Bd1
Rxb6 35. Rxb6 Rd6 36. Bc2 Qf6 37. Qb4 Rxb6 38. Qxc5 Rd6 39. Qc8+ Qd8 40. Qxd8+
Rxd8 41. Bf5 g6 42. Be6+ Kf8 43. Kg1 Ke7 44. c5 Kf6 45. Kf2 e4 46. fxe4 Ke5 47.
Kf3 Rf8 48. h4 Rf6 49. Bd7 Rf7 50. c6 bxc6 51. dxc6 Kd6 52. e5+ Kc7 53. e6 Rg7
54. Kxf4 Kd6 55. Kg5 Rg8 56. Kf6 Rf8+ 57. Kg7 Rf2 58. Kxh7 Rxg2 59. Kg7 g5 60.
hxg5 Rxg5+ 61. Kf6 Rg1 62. e7 Rf1+ 63. Bf5 Re1 64. c7 Kxc7 65. Be6 Rf1+ 66. Kg5
Rg1+ 67. Kf4 Rf1+ 68. Kg3 Rg1+ 69. Kf2 Rg8 70. Bxg8 Kd7 71. Bc4 Kxe7 72. Bxa6
Kd6 73. Be2 Kc5 74. Ke3 Kc6 75. Kd4 Kb7 76. Kc5 Ka7 77. Kb5 Kb7 78. a6+ Ka7 79.
Ka5 Ka8 80. Kb6 Kb8 81. a7+ {Black resigns} 1-0

[Event "Team 45 45 League T41"]
[Site "Internet Chess Club"]
[Date "2009.05.10"]
[Round "2"]
[White "snottgoblin"]
[Black "wizardbar"]
[Result "1-0"]
[WhiteElo "2018"]
[BlackElo "1918"]
[Opening "Réti: King's Indian attack (Barcza system)"]
[ECO "A07"]
[Time "10:00:05"]
[TimeControl "2700+45"]

1. Nf3 d5 2. g3 Nf6 3. Bg2 Bf5 4. d3 e6 5. c4 c6 6. O-O Be7 7. cxd5 exd5 8. Bf4
Nbd7 9. a3 O-O 10. Nc3 Nc5 11. Qc2 Rc8 12. Rad1 d4 13. Nb1 Ne6 14. Bc1 Qb6 15.
Nh4 Bg4 16. h3 Bh5 17. g4 Bg6 18. Nxg6 hxg6 19. Nd2 Qc7 20. Nf3 Rfd8 21. e4 c5
22. b3 b5 23. e5 Nd5 24. Rde1 a5 25. Bd2 Qa7 26. Qc1 c4 27. bxc4 bxc4 28. dxc4
Nb6 29. Qa1 Nxc4 30. Bc1 Qc5 31. Nd2 a4 32. Ne4 Qxe5 33. f4 Qa5 34. f5 gxf5 35.
gxf5 Nc5 36. f6 Bf8 37. fxg7 Bxg7 38. Bg5 Nxe4 39. Bxd8 Rxd8 40. Rxe4 Nd2 41.
Qe1 Nxe4 42. Qxa5 Re8 43. Qxa4 Kf8 44. Re1 f5 45. Qd7 Re5 46. Bxe4 fxe4 47. Rxe4
Rxe4 48. Qf5+ Kg8 49. Qxe4 {Black resigns} 1-0

[Event "Team 45 45 League T41"]
[Site "Internet Chess Club"]
[Date "2009.05.10"]
[Round "2"]
[White "ConfusedDog589"]
[Black "Nosferatu1"]
[Result "1-0"]
[WhiteElo "1958"]
[BlackElo "1883"]
[Opening "Queen's Indian: 4.g3 Bb7"]
[ECO "E15"]
[Time "13:10:26"]
[TimeControl "2700+45"]

1. d4 Nf6 2. c4 e6 3. Nf3 b6 4. g3 Bb7 5. Bg2 d6 6. Nc3 Be7 7. O-O Ne4 8. Qc2
Nxc3 9. bxc3 Nd7 10. Rd1 Qc8 11. a4 a5 12. Ba3 Rb8 13. e4 Ba6 14. Bf1 O-O 15.
Bd3 h6 16. Re1 c5 17. e5 dxe5 18. dxe5 Qc7 19. Re3 Rfd8 20. Rae1 Bb7 21. Be4 Ba6
22. Nd2 Kh8 23. f4 Nf8 24. g4 Rd7 25. Rh3 Bb7 26. g5 g6 27. Rxh6+ Kg7 28. h4
Rbd8 29. Bc1 Bxe4 30. Nxe4 Rd3 31. h5 Rh3 32. hxg6 Rxh6 33. gxh6+ Kxh6 34. f5+
Kg7 35. f6+ Kg8 36. fxe7 Qxe7 37. Nf6+ Kg7 38. Qh2 fxg6 39. Qh6+ Kf7 40. Qh8 Qc7
41. Qg8+ Ke7 42. Qg7# {Black checkmated} 1-0

[Event "Team 45 45 League T41"]
[Site "Internet Chess Club"]
[Date "2009.05.09"]
[Round "2"]
[White "jefferyx"]
[Black "KaMi62"]
[Result "1-0"]
[WhiteElo "2032"]
[BlackElo "1850"]
[Opening "Sicilian: Najdorf, Byrne (English) attack"]
[ECO "B90"]
[Time "11:32:26"]
[TimeControl "2700+45"]

1. e4 c5 2. Nf3 d6 3. d4 cxd4 4. Nxd4 Nf6 5. Nc3 a6 6. Be3 e6 7. Be2 Be7 8. a4
O-O 9. O-O Nc6 10. f4 Qc7 11. Kh1 Re8 12. Bf3 Rb8 13. g4 Nxd4 14. Bxd4 b6 15. e5
Nd7 16. Qe2 Bb7 17. Rad1 Rbd8 18. exd6 Bxf3+ 19. Qxf3 Bxd6 20. Ne4 Bc5 21. Nxc5
Nxc5 22. Be5 Qe7 23. b3 f6 24. Bb2 Qb7 25. Qxb7 Nxb7 26. Kg2 Rxd1 27. Rxd1 Rd8
28. Rxd8+ Nxd8 29. Bd4 b5 30. axb5 axb5 31. Kf3 Kf7 32. Ke4 Ke7 33. h4 Kd6 34.
f5 e5 35. Be3 Nf7 36. g5 h5 37. g6 Nd8 38. Bh6 Nc6 39. Bxg7 Ke7 40. c4 bxc4 41.
bxc4 Nd4 42. Bh6 Nc6 43. Be3 Kf8 44. Bc5+ Kg7 45. Kd5 Na5 46. Bb6 Nb3 47. c5 Nd4
48. c6 Nxf5 49. Ke6 Nd4+ 50. Bxd4 exd4 51. c7 Kxg6 52. c8=Q {Black resigns} 1-0

[Event "Team 45 45 League T41"]
[Site "Internet Chess Club"]
[Date "2009.05.07"]
[Round "2"]
[White "Hubris123"]
[Black "nosalt"]
[Result "1-0"]
[WhiteElo "2051"]
[BlackElo "2020"]
[Opening "King's Indian: Four pawns attack"]
[ECO "E76"]
[Time "09:01:19"]
[TimeControl "2700+45"]

1. d4 Nf6 2. c4 g6 3. Nc3 Bg7 4. e4 d6 5. f4 O-O 6. Nf3 c5 7. dxc5 Qa5 8. Bd3
Qxc5 9. Qe2 Nc6 10. Be3 Qa5 11. O-O Ng4 12. Bd2 Qb6+ 13. Kh1 Qxb2 14. Rab1 Qa3
15. h3 Bxc3 16. Rb3 Qxa2 17. Rxc3 Nf6 18. Rb1 Qa5 19. f5 Nh5 20. Qf2 Ne5 21.
Nxe5 Qxe5 22. Rb5 Qg3 23. Qxg3 Nxg3+ 24. Kh2 Nh5 25. Bg5 Re8 26. c5 dxc5 27.
Rbxc5 Bd7 28. Rc7 Bc6 29. e5 Ng7 30. Bxe7 Rac8 31. Rxc8 Rxc8 32. g4 Bd7 33. Ra3
a6 34. Rb3 Bc6 35. Rc3 Ra8 36. Kg3 a5 37. Kf4 a4 38. Ba3 Rd8 39. Bc5 Ne8 40. Bc4
Nc7 41. Bd6 Nd5+ 42. Bxd5 Bxd5 43. e6 fxe6 44. Ke5 Re8 45. Rc7 gxf5 46. gxf5 Bb3
47. f6 Ra8 48. f7+ Kh8 49. Kf4 e5+ 50. Bxe5# {Black checkmated} 1-0

[Event "Team 45 45 League T41"]
[Site "Internet Chess Club"]
[Date "2009.05.09"]
[Round "2"]
[White "ivanson"]
[Black "upsan"]
[Result "1/2-1/2"]
[WhiteElo "1842"]
[BlackElo "1784"]
[Opening "French: Rubinstein variation"]
[ECO "C03"]
[Time "20:08:55"]
[TimeControl "2700+45"]

1. e4 e6 2. d4 d5 3. Nd2 dxe4 4. Nxe4 Nd7 5. Nf3 Ngf6 6. Nxf6+ Nxf6 7. c3 Be7 8.
Bd3 Bd7 9. Ne5 h6 10. Qe2 Bd6 11. Bf4 Bxe5 12. Bxe5 Bc6 13. O-O-O Qd5 14. Bc4
Qe4 15. Qd2 O-O-O 16. f3 Qg6 17. Bd3 Qg5 18. Bf4 Qa5 19. Kb1 Nd5 20. Bg3 Nb6 21.
Be4 Nd5 22. Rhe1 Ba4 23. Rc1 Bc6 24. Qe2 Qb6 25. Be5 Nf6 26. Bc2 Rhe8 27. Qd2
Rh8 28. Bb3 a5 29. Qf4 a4 30. Bc4 Rhg8 31. Bxf6 gxf6 32. Qxf6 Rxg2 33. Rc2 Rdg8
34. Qxf7 Kb8 35. Rxe6 Rg1+ 36. Rc1 R8g2 37. Re2 Rxe2 38. Bxe2 Rg2 39. Qf8+ Ka7
40. Qe7 Bxf3 41. Re1 Qg6+ 42. Kc1 Bxe2 43. Rxe2 Rg1+ 44. Kd2 Rg2 45. Rxg2 Qxg2+
46. Qe2 Qg5+ 47. Kd3 Qf5+ 48. Kd2 Qb1 49. Qb5 Qxa2 50. Kc1 c6 {Game drawn by
mutual agreement} 1/2-1/2

[Event "Team 45 45 League T41"]
[Site "Internet Chess Club"]
[Date "2009.05.13"]
[Round "2"]
[White "cityprosecutor"]
[Black "Budzo"]
[Result "1-0"]
[WhiteElo "1832"]
[BlackElo "1782"]
[Opening "Réti: King's Indian attack, French variation"]
[ECO "C00"]
[Time "20:00:40"]
[TimeControl "2700+45"]

1. e4 e6 2. d3 d5 3. Nd2 Nf6 4. g3 c5 5. Bg2 Nc6 6. Ngf3 Be7 7. O-O O-O 8. Re1
b5 9. e5 Nd7 10. Nf1 Bb7 11. h4 Qb6 12. N1h2 h6 13. Ng4 a5 14. Bf4 c4 15. d4 b4
16. c3 bxc3 17. bxc3 Qc7 18. Qc1 Rab8 19. Bxh6 gxh6 20. Qxh6 Qd8 21. Ng5 Bxg5
22. hxg5 {Black resigns} 1-0

[Event "Team 45 45 League T41"]
[Site "Internet Chess Club"]
[Date "2009.05.10"]
[Round "2"]
[White "fileman"]
[Black "Fezzik"]
[Result "0-1"]
[WhiteElo "1920"]
[BlackElo "2020"]
[Opening "French: Wing gambit"]
[ECO "C00"]
[Time "13:08:18"]
[TimeControl "2700+45"]

1. e4 e6 2. Nf3 d5 3. e5 c5 4. b4 cxb4 5. a3 Nc6 6. axb4 Bxb4 7. c3 Be7 8. d4 f6
9. exf6 Nxf6 10. Bd3 Qc7 11. O-O O-O 12. Re1 Bd6 13. Na3 a6 14. Nb5 Qd8 15. Nxd6
Qxd6 16. Bg5 Bd7 17. Ne5 Qc7 18. Bxf6 Rxf6 19. Qh5 g6 20. Qg5 Nxe5 21. dxe5 Rf7
22. Rec1 Raf8 23. c4 Qc5 24. cxd5 Qxf2+ 25. Kh1 exd5 26. h3 Bxh3 27. Rf1 Qd4 28.
Rad1 Qg4 29. Qxg4 Rxf1+ {White resigns} 0-1

[Event "Team 45 45 League T41"]
[Site "Internet Chess Club"]
[Date "2009.05.10"]
[Round "2"]
[White "Thersites"]
[Black "LoseOften"]
[Result "0-1"]
[WhiteElo "1702"]
[BlackElo "1879"]
[Opening "Sicilian: Najdorf, Byrne (English) attack"]
[ECO "B90"]
[Time "11:08:35"]
[TimeControl "2700+45"]

1. e4 c5 2. Nf3 d6 3. d4 cxd4 4. Nxd4 Nf6 5. Nc3 a6 6. Be3 Ng4 7. Bg5 h6 8. Bh4
g5 9. Bg3 Bg7 10. Be2 h5 11. h3 Nf6 12. Qd2 Qb6 13. O-O-O Nc6 14. Nf5 Bxf5 15.
exf5 Ne4 16. Qd3 Nxc3 17. bxc3 Ne5 18. Qd2 Rc8 19. Qxg5 Bh6 {White resigns} 0-1

[Event "Team 45 45 League T41"]
[Site "Internet Chess Club"]
[Date "2009.05.10"]
[Round "2"]
[White "Steinwitz"]
[Black "civilization"]
[Result "0-1"]
[WhiteElo "1734"]
[BlackElo "1635"]
[Opening "Sicilian: Pin variation (Sicilian counter-attack)"]
[ECO "B41"]
[Time "13:10:23"]
[TimeControl "2700+45"]

1. e4 c5 2. Nf3 e6 3. d4 cxd4 4. Nxd4 Nf6 5. Nc3 Bb4 6. Bd3 d5 7. e5 Nfd7 8. f4
Nc6 9. Nxc6 bxc6 10. O-O O-O 11. Qf3 c5 12. Nd1 c4 13. Be2 Bc5+ 14. Kh1 a5 15.
Bxc4 Ba6 16. Bxa6 Rxa6 17. c3 Rb6 18. Be3 Qc7 19. Bxc5 Nxc5 20. Rb1 Ne4 21. Qe2
Rfb8 22. Qc2 Qc4 23. Nf2 Nxf2+ 24. Rxf2 Qxa2 25. Kg1 Rxb2 26. Qxb2 Qxb1+ 27.
Qxb1 Rxb1+ 28. Rf1 Rxf1+ 29. Kxf1 a4 30. Ke1 a3 31. Kd1 a2 {White resigns} 0-1

[Event "Team 45 45 League T41"]
[Site "Internet Chess Club"]
[Date "2009.05.10"]
[Round "2"]
[White "Gwyddbwyll"]
[Black "predkoo"]
[Result "1-0"]
[WhiteElo "1624"]
[BlackElo "1643"]
[Opening "Scandinavian: Pytel-Wade variation"]
[ECO "B01"]
[Time "03:10:38"]
[TimeControl "2700+45"]

1. e4 d5 2. exd5 Qxd5 3. Nc3 Qd6 4. d4 Nc6 5. Nb5 Qd8 6. Bf4 e5 7. dxe5 a6 8.
Qxd8+ Kxd8 9. O-O-O+ Bd7 10. Nxc7 Kxc7 11. e6+ Kc8 12. exd7+ Kd8 13. Nf3 f6 14.
Bc4 Bc5 15. Rhe1 Nge7 16. Re2 b5 17. Be6 Ra7 18. h4 Ng6 19. Bg3 Nf8 20. Bg4 Nxd7
21. Red2 {Black resigns} 1-0

[Event "Team 45 45 League T41"]
[Site "Internet Chess Club"]
[Date "2009.05.09"]
[Round "2"]
[White "HumanTornado"]
[Black "CalyDeArgentina"]
[Result "1-0"]
[WhiteElo "1838"]
[BlackElo "1802"]
[Opening "English opening"]
[ECO "A05"]
[Time "10:02:09"]
[TimeControl "2700+45"]

1. Nf3 Nf6 2. c4 g6 3. b4 Bg7 4. Bb2 O-O 5. g3 d6 6. Bg2 Nbd7 7. O-O e5 8. d3 c6
9. Nbd2 Re8 10. Qc2 Qc7 11. a3 Nf8 12. Nb3 Bg4 13. h3 Bd7 14. Rfe1 Qc8 15. Kh2
Ne6 16. c5 dxc5 17. Nxe5 cxb4 18. axb4 Qd8 19. Nxd7 Nxd7 20. Bxg7 Kxg7 21. b5
Rc8 22. Rxa7 Qb6 23. bxc6 Qxa7 24. cxd7 Rxc2 25. dxe8=Q Qxf2 26. Rf1 Qxe2 27.
Qxf7+ Kh6 28. Qf3 Qxf3 29. Rxf3 Rb2 30. d4 Ng5 31. Rd3 Nf7 32. h4 g5 33. hxg5+
Kxg5 34. Nd2 Nd6 35. Kh3 b5 36. Ne4+ Nxe4 37. Bxe4 Ra2 38. d5 Ra8 39. d6 Rd8 40.
d7 {Black resigns} 1-0

[Event "Team 45 45 League T41"]
[Site "Internet Chess Club"]
[Date "2009.05.08"]
[Round "2"]
[White "IceBox"]
[Black "jack25"]
[Result "1/2-1/2"]
[WhiteElo "1739"]
[BlackElo "1769"]
[Opening "Dutch: Staunton gambit, Staunton's line"]
[ECO "A83"]
[Time "03:00:06"]
[TimeControl "2700+45"]

1. d4 f5 2. Nc3 Nf6 3. e4 fxe4 4. Bg5 g6 5. Bxf6 exf6 6. Nxe4 Bg7 7. c3 O-O 8.
Bc4+ d5 9. Bb3 Re8 10. f3 f5 11. Qc2 fxe4 12. O-O-O e3 13. g4 c6 14. h4 Qf6 15.
Qg2 Nd7 16. Ne2 Nb6 17. f4 Nc4 18. Bc2 Nd2 19. Rdg1 Bd7 20. f5 Ne4 21. Ng3 Nf2
22. g5 Qd6 23. Rh2 Qf4 24. Ne2 Qd6 25. f6 Bxf6 26. gxf6 Qxf6 27. h5 Bf5 28. hxg6
hxg6 29. Bxf5 Qxf5 30. Qxg6+ Qxg6 31. Rxg6+ Kf7 32. Rhh6 Ne4 33. Rg4 Rh8 34.
Rgh4 Rxh6 35. Rxh6 Rg8 36. Rh3 {Game drawn by mutual agreement} 1/2-1/2

[Event "Team 45 45 League T41"]
[Site "Internet Chess Club"]
[Date "2009.05.10"]
[Round "2"]
[White "budugu"]
[Black "alexcluster"]
[Result "0-1"]
[WhiteElo "1579"]
[BlackElo "1598"]
[Opening "Sicilian: Najdorf, 6...e6"]
[ECO "B95"]
[Time "03:13:21"]
[TimeControl "2700+45"]

1. e4 c5 2. Nf3 d6 3. d4 cxd4 4. Nxd4 Nf6 5. Nc3 a6 6. Bg5 e6 7. Bxf6 Qxf6 8.
Nf3 Nc6 9. Bc4 Be7 10. O-O O-O 11. Rb1 b5 12. Bb3 Bb7 13. Ne2 Na5 14. Ng3 Nxb3
15. cxb3 Rfd8 16. Qd4 Qxd4 17. Nxd4 Bf6 18. Rfd1 d5 19. exd5 Rxd5 20. Nde2 Rxd1+
21. Rxd1 Bxb2 22. f3 Bf6 23. Nf4 Rd8 24. Rxd8+ Bxd8 25. Kf1 Bc7 26. Nd3 Bd6 27.
Kf2 Kf8 28. Ne4 Bxe4 29. fxe4 f6 30. g3 Ke7 31. Kf3 g5 32. h3 h5 33. g4 hxg4+
34. hxg4 Kd7 35. b4 Kc6 36. a3 a5 37. Ke3 a4 38. Kf3 Bb8 39. Nc5 Ba7 40. Nd3 Bd4
41. Ke2 f5 42. Kf3 Kd6 43. gxf5 exf5 44. exf5 Kd5 45. Kg4 Kc4 46. Nc5 Bb2 47.
Kxg5 Bxa3 48. Ne4 Bxb4 49. f6 a3 50. f7 a2 51. Nd2+ Bxd2+ {White resigns} 0-1

[Event "Team 45 45 League T41"]
[Site "Internet Chess Club"]
[Date "2009.05.10"]
[Round "2"]
[White "egd01"]
[Black "yellowpebble"]
[Result "1-0"]
[WhiteElo "1530"]
[BlackElo "1418"]
[Opening "Sicilian defense"]
[ECO "B20"]
[Time "16:14:20"]
[TimeControl "2700+45"]

1. e4 c5 2. d3 Nc6 3. Nf3 e6 4. g3 Qc7 5. Bg2 a6 6. O-O d6 7. Re1 Nf6 8. Bg5 Be7
9. Nbd2 b5 10. a4 bxa4 11. Rxa4 Bb7 12. Nc4 O-O 13. e5 dxe5 14. Ncxe5 Nd5 15.
Bxe7 Ncxe7 16. Ng5 f6 17. Nxe6 Qb6 18. Nxf8 fxe5 19. Nd7 Qc6 20. Qg4 Bc8 21.
Nxe5 Bxg4 22. Nxc6 Nxc6 23. Bxd5+ {Black resigns} 1-0